 Dungeon Crawl Stone Soup version 0.24.0-37-gcf1ca852f1 (webtiles) character file.

Game seed: 2992917234496368893, levelgen mode: deterministic

107 grindst0ne the Covert (level 4, -1/29 HPs)
             Began as an Octopode Assassin on Nov 24, 2019.
             Slain by a gnoll
             ... wielding a +0 whip
              (5 damage)
             ... on level 2 of the Dungeon.
             The game lasted 00:04:26 (1345 turns).

grindst0ne the Covert (Octopode Assassin)           Turns: 1345, Time: 00:04:27

Health: -1/29      AC:  1    Str: 10    XL:     4   Next: 86%
Magic:  4/4        EV: 13    Int: 13    God:
Gold:   49         SH:  0    Dex: 14    Spells: 3/3 levels left

rFire    . . .     SeeInvis .   a - +2 dagger
rCold    . . .     Gourm    .   (no shield)
rNeg     . . .     Faith    .   (helmet restricted)
rPois    .         Spirit   .   (no amulet)
rElec    .         Reflect  .   (no ring)
rCorr    .         Harm     .   (no ring)
MR       .....                  (no ring)
Stlth    +++++.....             (no ring)
HPRegen  0.09/turn              (no ring)
MPRegen  0.09/turn              (no ring)
                                (no ring)
                                (no ring)

@: no status effects
A: almost no armour, stealthy swim, amphibious, 8 rings, constrict 8, camouflage
1, gelatinous body 1
a: no special abilities


You were on level 2 of the Dungeon.
You were not hungry.

You visited 1 branch of the dungeon, and saw 2 of its levels.

You collected 49 gold pieces.

Inventory:

Hand Weapons
 a - a +2 dagger (weapon)
Missiles
 b - a poisoned dart (quivered)
 c - 2 curare-tipped darts
 g - 3 boomerangs
Scrolls
 e - a scroll of remove curse
 f - a scroll of random uselessness {unknown}
 h - 3 scrolls of amnesia {unknown}
 j - a scroll of magic mapping {unknown}
 k - 2 scrolls of identify {unknown}
 l - a scroll of teleportation {unknown}
 m - a scroll of enchant armour {unknown}
Comestibles
 d - 5 rations
 i - 6 chunks of flesh


   Skills:
 - Level 2.0 Fighting
 - Level 2.0 Short Blades
 - Level 2.0 Throwing
 - Level 1.0 Dodging
 + Level 8.4 Stealth


You had 3 spell levels left.
You didn't know any spells.
Your spell library was empty.

Dungeon Overview and Level Annotations

Branches:
Dungeon (2/15)

Altars:


Innate Abilities, Weirdness & Mutations

You cannot wear most types of armour.
You are very stealthy in the water. (Stealth+)
You are amphibious.
You can wear up to eight rings at the same time.
You can use your tentacles to constrict eight enemies at once.
Your skin changes colour to match your surroundings (Stealth+).
Your rubbery body absorbs attacks. (AC +1, EV +1)


Message History

You see here a poisoned dart.
You see here a dart slug corpse.
You see here 3 poisoned darts.
Throwing (i - inventory. (/) - cycle)
b - 3 poisoned darts (quivered)
Press: ? - help, Shift-Dir - straight line, f - gnoll
Aim: a gnoll, wielding a +0 whip You throw a poisoned dart.
The poisoned dart hits the gnoll.
You see here a poisoned dart.
You hit the gnoll. Your grab misses the gnoll.
The gnoll is lightly wounded.
The gnoll hits you with a +0 whip.
* * * LOW HITPOINT WARNING * * *
Throwing (i - inventory. (/) - cycle)
b - 2 poisoned darts (quivered)
Press: ? - help, Shift-Dir - straight line, f/p - gnoll
Aim: a gnoll, wielding a +0 whip (lightly wounded)
You throw a poisoned dart. The poisoned dart hits the gnoll.
The gnoll is poisoned.
The gnoll is lightly wounded.
The gnoll hits you with a +0 whip.
You die...

#####...#.#.... #
#...#.#.#.# #
.######..g....#)# #
..<....<........#
.######...#.##..###
#######...#.รท.....#
............#######
##..........#8###8#
#@####(##......... #g#
#(##......... #g#
#(#.......(.. #.#
#..#..#8###8#
#.####.#...####### #
#....#(....###.. #
#b..##.........#.#.####
#..........((.......?.
#...##.#(#####.)......#


You could see 2 gnolls.

Vanquished Creatures
  4 adders (D:2)
  A gnoll (D:2)
  2 oozes (D:1)
  A worm (D:2)
  A dart slug (D:2)
  2 leopard geckos (D:1)
  5 bats
  2 giant cockroaches (D:1)
  4 goblins
  6 hobgoblins
  2 jackals (D:2)
  3 quokkas (D:2)
  2 ball pythons
  A frilled lizard (D:1)
  4 kobolds
  4 rats
44 creatures vanquished.

Notes
Turn   | Place    | Note
-------+----------+-------------------------------------------
     0 | D:1      | grindst0ne the Octopode Assassin began the quest for the
                  | Orb.
     0 | D:1      | Reached XP level 1. HP: 14/14 MP: 1/1
   132 | D:1      | Reached skill level 6 in Stealth
   132 | D:1      | Reached XP level 2. HP: 15/19 MP: 2/2
   300 | D:1      | Reached XP level 3. HP: 24/24 MP: 3/3
   506 | D:1      | Reached skill level 7 in Stealth
   982 | D:2      | Reached XP level 4. HP: 22/29 MP: 4/4
  1159 | D:2      | Reached skill level 8 in Stealth
  1345 | D:2      | Slain by a gnoll

Levels and vault maps discovered:
D:1:      shiori_arrival_elements, layout_loops_ring
D:2:      layout_loops_ring, first_ration, corexii_hall_statues_x

Skill      XL: |  1  2  3  4 |
---------------+-------------+-----
Stealth        | 6 7 8 |  8.4
Fighting       | |  2.0
Short Blades   | |  2.0
Throwing       | |  2.0
Dodging        | |  1.0

Action                   |  1- 3 |  4- 6 || total
-------------------------+-------+-------++-------
Melee: Dagger            |    55 |    27 ||    82
       Tentacles         |     8 |     6 ||    14
       Constrict         |    10 |     8 ||    18
Throw: Dart              |       |    22 ||    22
  Use: Scroll            |     1 |       ||     1
       Potion            |     2 |       ||     2
 Stab: Sleeping          |    17 |       ||    17
  Eat: Chunk             |       |     1 ||     1
Armor: Skin              |     3 |     2 ||     5
Dodge: Dodged            |    20 |    24 ||    44
